 Dungeon Crawl Stone Soup version 0.22-a0-3-g4fa69d9 (webtiles) character file.

1059 Firecrotchwizard the Chopper (level 8, -2/73 HPs)
             Began as a Deep Dwarf Fighter on Jan 2, 2018.
             Slain by a two-headed ogre
             ... wielding a +0 dire flail
              (13 damage)
             ... on level 6 of the Dungeon.
             The game lasted 00:07:52 (3811 turns).

Firecrotchwizard the Chopper (Deep Dwarf Fighter)   Turns: 3811, Time: 00:07:53

Health: -2/73      AC: 12    Str: 19    XL:     8   Next: 6%
Magic:  5/5        EV:  5    Int: 10    God:
Gold:   208        SH: 10    Dex: 14    Spells: 7/7 levels left

rFire    . . .     SeeInvis .   a - +1 war axe
rCold    . . .     Gourm    .   c - +0 shield
rNeg     . . .     Faith    .   y - +0 chain mail
rPois    .         Spirit   .   (no helmet)
rElec    .         Reflect  .   (no cloak)
rCorr    .         Harm     .   m - +0 pair of gloves
MR       +....                  j - +0 pair of boots
Stlth    ..........             (no amulet)
HPRegen  0.00/turn              (no ring)
MPRegen  0.09/turn              (no ring)

@: non-regenerating
A: damage resistance, heal wounds, sense surroundings 1, no regeneration
a: Heal Wounds


You were on level 6 of the Dungeon.
You were not hungry.

You visited 1 branch of the dungeon, and saw 6 of its levels.

You collected 208 gold pieces.

Inventory:

Hand Weapons
 a - a +1 war axe (weapon)
 e - a +1 vampiric trident
   (You found it on level 3 of the Dungeon)
 w - a +0 flail of holy wrath
   (You took it off Edmund on level 5 of the Dungeon)
Missiles
 p - 57 stones (quivered)
Armour
 c - a +0 shield (worn)
 j - a +0 pair of boots (worn)
   (You found it on level 1 of the Dungeon)
 l - a +2 ring mail of fire resistance
   (You took it off an orc on level 4 of the Dungeon)
 m - a +0 pair of gloves (worn)
   (You found it on level 1 of the Dungeon)
 y - a +0 chain mail (worn)
   (You took it off an orc on level 5 of the Dungeon)
Jewellery
 b - an uncursed ring of protection from fire {unknown}
   (You found it on level 5 of the Dungeon)
Wands
 i - a wand of digging (13)
   (You found it on level 3 of the Dungeon)
Scrolls
 g - 5 scrolls of remove curse
 o - a scroll of enchant weapon
 q - a scroll of teleportation
 r - a scroll of blinking {!r}
 u - a scroll of fog
Potions
 d - 3 potions of might
 h - 3 potions of berserk rage {unknown}
 k - a potion of ambrosia {unknown}
 n - 3 potions of haste {unknown}
 s - 2 potions of heal wounds {unknown}
 t - 2 potions of curing {unknown}
 v - a potion of brilliance {unknown}
Comestibles
 f - 11 rations {@e1}
 x - 7 chunks of flesh {@w0}


   Skills:
 + Level 4.6 Fighting
 * Level 6.8 Axes
 + Level 5.6 Armour
 + Level 5.6 Shields


You had 7 spell levels left.
You didn't know any spells.

Dungeon Overview and Level Annotations

Branches:
Dungeon (6/15)
 Temple: D:4-7

Altars:
Elyvilon
Ru
Trog
Yredelemnul
The Shining One

Shops:
D:6 %

Annotations:
D:2 1 runed door


Innate Abilities, Weirdness & Mutations

You are resistant to damage.
You can heal yourself by infusing magical energy.
You passively map a small area around you.
You do not regenerate.


Message History

The orc wizard hits you but does no damage.
You closely miss the orc wizard. You block the orc wizard's attack.
The orc wizard hits you but does no damage.
You closely miss the orc wizard. You block the orc wizard's attack.
The orc wizard hits you but does no damage.
You slash the orc wizard! You block the orc wizard's attack.
The orc wizard gestures at you while chanting.
You block the puff of flame.
An orc comes into view. It is wielding a mace.
You hit the orc wizard.
The orc wizard points at you and mumbles some strange words.
The magic dart hits you!
You hit the orc wizard.
You kill the orc wizard!
The orc barely misses you.
You closely miss the orc. You block the orc's attack.
You slash the orc!
You kill the orc!
You barely miss the orc. The orc hits you but does no damage.
You slash the orc!
You kill the orc!
No target in view!
You butcher the orc corpse.
x - 2 chunks of flesh {@w0}
Things that are here:
a club; an orc skeleton
Things that are here:
a club; an orc skeleton
Items here: ( ))) [[[ †† You butcher the orc corpse.
x - 6 chunks of flesh {@w0} (gained 4)
You butcher the orc corpse.
x - 7 chunks of flesh {@w0} (gained 1)
Items here: ( ))) [[[ x2
p - 55 stones (gained 1)
p - 56 stones (gained 1)
p - 57 stones (gained 1)
A centaur comes into view.
The centaur shouts!
The centaur wields a shortbow.
The centaur shoots an arrow.
You block the arrow.
You hear two shouts!
Found Pehom's Food Shoppe.
You see here an arrow.
A two-headed ogre comes into view.
It is wielding a dire flail and a giant spiked club.
The centaur unwields an uncursed shortbow.
You block the centaur's attack.
The centaur hits you but does no damage.
You hit the centaur but do no damage. You block the centaur's attack.
The centaur hits you but does no damage.
A giant cockroach comes into view.
You barely miss the centaur. You block the centaur's attack.
You hit the centaur. You block the centaur's attack.
The centaur hits you but does no damage.
Okay, then.
You slash the centaur!
The centaur hits you but does no damage.
You hit the two-headed ogre.
The giant cockroach bites you but does no damage.
You block the two-headed ogre's attack.
The two-headed ogre hits you with a giant spiked club!
You take 9 damage, and have 52/73 hp.
You slash the two-headed ogre! You hit the giant cockroach.
The giant cockroach bites you but does no damage.
The two-headed ogre hits you with a dire flail.
The two-headed ogre hits you with a giant spiked club!
You block the giant cockroach's attack.
You take 9 damage, and have 43/73 hp.
You barely miss the two-headed ogre. You slash the giant cockroach!
You kill the giant cockroach!
The two-headed ogre hits you with a dire flail!
The two-headed ogre hits you with a giant spiked club!
You take 16 damage, and have 27/73 hp.
MASSIVE DAMAGE!!
Your magical essence is drained by the effort!
You feel much better.
You regained 20 hp, and now have 47/73 hp.
You now have 5/5 mp.
You closely miss the two-headed ogre. You block the two-headed ogre's attack.
The two-headed ogre hits you with a giant spiked club!!
The two-headed ogre completely misses you.
The two-headed ogre hits you but does no damage.
You take 25 damage, and have 22/73 hp.
MASSIVE DAMAGE!!
You feel much better. The two-headed ogre closely misses you.
The two-headed ogre hits you with a giant spiked club.
You regained 14 hp, and now have 36/73 hp.
Your shield and chain mail prevent you from hitting the two-headed ogre.
The two-headed ogre hits you with a dire flail!!
* * * LOW HITPOINT WARNING * * *
You block the two-headed ogre's attack.
You take 16 damage, and have 20/73 hp.
MASSIVE DAMAGE!!
You fail to use your ability.
You block the two-headed ogre's attack. The two-headed ogre barely misses you.
You fail to use your ability.
The two-headed ogre hits you with a dire flail!
* * * LOW HITPOINT WARNING * * *
The two-headed ogre hits you with a giant spiked club!
You die...

*,**,**,*,* #...# *,,,,,,,#.*
#.### ****,***#.##* #.#
*,*,.,...###### #.#
*,,,..,#......#####.# ******
********,#..#............# *,,,,,
,,,,,,,*,#........(####### *,****
******,*,**##......# *,****
**,,,>***#..†@..# *******,*,,,
**,,,,,..∩..##O### *,∩,,,∩,,,,*
*,,,,,,.#.#**.c.****,***,,,*,,* *
**,,∩,,*#,* #...#*,,,,,,,,,,,,, *
*,,,,,,,,* #...#*,,,***,*,*,,* *
**,,,,*,,,**#...#*,,,***,**,,,*
***,,,*,,,,,,,.....,,,,**,,***,,,
,,,,*****,,,,,.....,,,,,,,,,,,,,,
**,,,,*,,,,,,,,,,,,,,,,*****,,*,*


You could see a two-headed ogre and a centaur.

Vanquished Creatures
  Edmund (D:5)
  An ice beast (D:5)
  A phantom (D:4)
  A centaur (D:5)
  A scorpion (D:5)
  A crimson imp (D:5)
  A centaur zombie (D:5)
  2 hounds
  2 orc priests (D:5)
  A bullfrog zombie (D:5)
  2 orc wizards
  Terence (D:3)
  Natasha (thrice) (D:3)
  An iguana (D:5)
  3 worker ants
  5 adders
  A shadow imp (D:5)
  2 adder skeletons
  A worm (D:3)
  4 dart slugs
  2 leopard geckos (D:1)
  17 orcs
  2 giant cockroaches
  8 goblins
  11 hobgoblins
  A quokka (D:2)
  A ball python (D:1)
  10 bats
  A frilled lizard (D:3)
  A jackal skeleton (D:4)
  5 kobolds
  7 rats
101 creatures vanquished.

Notes
Turn   | Place    | Note
-------+----------+-------------------------------------------
     0 | D:1      | Firecrotchwizard the Deep Dwarf Fighter began the quest for the Orb.
     0 | D:1      | Reached XP level 1. HP: 20/20 MP: 1/1
   149 | D:1      | Reached XP level 2. HP: 22/27 MP: 2/2
   455 | D:1      | Reached skill level 3 in Axes
   455 | D:1      | Reached XP level 3. HP: 32/33 MP: 3/3
   461 | D:1      | Reached skill level 3 in Fighting
   692 | D:2      | Found a sacrificial altar of Ru.
  1179 | D:2      | Found a runed door.
  1305 | D:2      | Noticed a moth of wrath
  1345 | D:2      | Found a bloodstained altar of Trog.
  1415 | D:3      | Reached XP level 4. HP: 34/42 MP: 4/4
  1508 | D:3      | Noticed Natasha
  1512 | D:3      | Killed Natasha
  1665 | D:3      | Reached skill level 4 in Armour
  1802 | D:3      | Reached skill level 4 in Shields
  1884 | D:3      | Noticed Natasha
  1895 | D:3      | Killed Natasha
  1895 | D:3      | Reached skill level 4 in Axes
  1895 | D:3      | Reached XP level 5. HP: 41/49 MP: 5/5
  1944 | D:3      | Noticed Natasha
  1948 | D:3      | Killed Natasha
  2088 | D:3      | Noticed Terence
  2105 | D:3      | Killed Terence
  2189 | D:4      | Found a white marble altar of Elyvilon.
  2316 | D:4      | Noticed a phantom
  2364 | D:4      | Killed a phantom
  2364 | D:4      | Reached XP level 6. HP: 48/57 MP: 6/6
  2558 | D:4      | Reached skill level 5 in Axes
  2732 | D:4      | Found a glowing golden altar of the Shining One.
  2890 | D:5      | Entered Level 5 of the Dungeon
  2986 | D:5      | Noticed Edmund
  2998 | D:5      | Killed Edmund
  2998 | D:5      | Reached skill level 4 in Fighting
  2998 | D:5      | Reached XP level 7. HP: 46/64 MP: 7/7
  3006 | D:5      | Reached skill level 5 in Armour
  3006 | D:5      | Reached skill level 5 in Shields
  3256 | D:5      | Reached skill level 6 in Axes
  3334 | D:5      | Found a basalt altar of Yredelemnul.
  3426 | D:5      | Reached XP level 8. HP: 24/73 MP: 7/7
  3796 | D:6      | Found Pehom's Food Shoppe.
  3798 | D:6      | Noticed a two-headed ogre
  3811 | D:6      | HP: 11/73 [two-headed ogre/dire flail (9)]
  3811 | D:6      | Slain by a two-headed ogre

Vault maps used:
D:1:      minmay_arrival_wavy_path, minmay_misc_feat_secret_circle
D:2:      lemuel_doored_altar, tgw_trog, uniq_crazy_yiuf_cottage
D:3:      first_ration, uniq_terence, uniq_natasha
D:4:      tso_oasis_becter, lemuel_crystal_altar
D:5:      basic_altar, kennysheep_dice, uniq_edmund
D:6:      lemuel_round_altar, serial_shops, shop, shop, shop_statue, shop, shop

Skill      XL: |  1  2  3  4  5  6  7 |
---------------+----------------------+-----
Axes           | 3 4 5 6 |  6.8
Fighting       | 3 4 |  4.6
Armour         | 4 5 |  5.6
Shields        | 4 5 |  5.6

Action                   |  1- 3 |  4- 6 |  7- 9 || total
-------------------------+-------+-------+-------++-------
Melee: War axe           |   157 |   170 |    92 ||   419
Throw: Stone             |    48 |    87 |    29 ||   164
 Abil: Heal Wounds       |     1 |     4 |     5 ||    10
  Use: Scroll            |       |     5 |     6 ||    11
  Eat: Chunk             |     2 |     4 |       ||     6
       Ration            |       |     1 |     1 ||     2
Armor: Scale mail        |    61 |    16 |       ||    77
       Ring mail         |       |    52 |    10 ||    62
       Chain mail        |       |       |    37 ||    37
Dodge: Dodged            |    35 |    61 |    20 ||   116
Block: Shield            |    97 |    85 |    68 ||   250

Table legend:
 A = Spawn XP
 B = Non-spawn XP
 C = Spawn XP percentage of total XP
 D = Spawn monster count
 E = Non-spawn monster count
 F = Spawn count percentage of total count
 G = Total turns spent on level
                    A         B        C        D         E        F      G
               +---------+---------+-------+---------+---------+-------+---------
         Total |       0 |    1514 |   0.0 |       0 |     101 |   0.0 |  3811
               +---------+---------+-------+---------+---------+-------+---------
           D:1 |       0 |      50 |   0.0 |       0 |      26 |   0.0 |   544
           D:2 |       0 |      44 |   0.0 |       0 |      17 |   0.0 |   856
           D:3 |       0 |     182 |   0.0 |       0 |      18 |   0.0 |   743
           D:4 |       0 |     242 |   0.0 |       0 |      12 |   0.0 |   747
           D:5 |       0 |     943 |   0.0 |       0 |      23 |   0.0 |   842
           D:6 |       0 |      53 |   0.0 |       0 |       5 |   0.0 |    79
               +---------+---------+-------+---------+---------+-------+---------

Vault maps used:
D:1:      minmay_arrival_wavy_path, minmay_misc_feat_secret_circle
D:2:      lemuel_doored_altar, tgw_trog, uniq_crazy_yiuf_cottage
D:3:      first_ration, uniq_terence, uniq_natasha
D:4:      tso_oasis_becter, lemuel_crystal_altar
D:5:      basic_altar, kennysheep_dice, uniq_edmund
D:6:      lemuel_round_altar, serial_shops, shop, shop, shop_statue, shop, shop

Table legend:
 A = Turns spent in this place as a percentage of turns spent in the entire game.
 B = Non-inter-level travel turns spent in this place as a percentage of non-inter-level travel turns spent in the entire game.
 C = Inter-level travel turns spent in this place as a percentage of turns spent in this place.
 D = Turns resting spent in this place as a percentage of non-inter-level travel turns spent in this place.
 E = Turns spent auto-exploring this place as a percentage of non-inter-level travel turns spent in this place.
 F = Non-inter-level travel turns spent in this place divided by the number of levels of this place that you've seen.
                   A       B       C       D       E      F
               +-------+-------+-------+-------+-------+----------------------
         Total | 100.0 | 100.0 |   3.7 |   0.4 |  76.4 | 611.8
       Dungeon | 100.0 | 100.0 |   3.7 |   0.4 |  76.4 | 611.8
               +-------+-------+-------+-------+-------+----------------------

Table legend:
 A = Kills in this place as a percentage of kills in entire the game.
 B = Kills by you in this place as a percentage of kills by you in the entire game.
 C = Kills by friends in this place as a percentage of kills by friends in the entire game.
 D = Other kills in this place as a percentage of other kills in the entire game.
 E = Experience gained in this place as a percentage of experience gained in the entire game.
 F = Experience gained in this place divided by the number of levels of this place that you have seen.
                   A       B       C       D       E      F
               +-------+-------+-------+-------+-------+----------------------
         Total | 100.0 | 100.0 |   N/A |   N/A | 100.0 | 252.3
       Dungeon | 100.0 | 100.0 |   N/A |   N/A | 100.0 | 252.3
               +-------+-------+-------+-------+-------+----------------------
